 Dungeon Crawl Stone Soup version 0.17.0-7-gfadd4cc (console) character file.

94 2d6 the Stinger (level 4, -3/37 HPs)
             Began as a Naga Venom Mage on Nov 8, 2015.
             Slain by a hobgoblin (5 damage)
             ... led by Robin
             ... on level 2 of the Dungeon.
             The game lasted 00:13:38 (2074 turns).

2d6 the Stinger (Naga Venom Mage)                   Turns: 2074, Time: 00:13:38

Health: -3/37      AC:  2    Str: 11    XL:     4   Next: 63%
Magic:  2/7        EV:  9    Int: 16    God:
Gold:   93         SH:  0    Dex: 11    Spells: 2 memorised, 5 levels left

rFire  . . .     SeeInvis +     x - -1 dagger (curse)
rCold  . . .     Clarity  .     l - +0 leather armour (curse)
rNeg   + . .     SustAt   .     (no shield)
rPois  +         Gourm    .     (no helmet)
rElec  .         Spirit   .     (no cloak)
rCorr  .         Warding  .     (no gloves)
rMut   .         Stasis   .     (no barding)
MR     .....                    (no amulet)
Stlth  ++........               (no ring)
                                o - ring of positive energy

@: very slightly contaminated, hasted, quick, not resistant to hostile
enchantments, unstealthy
A: see invisible, deformed body, poison resistance, slowness 2, slow metabolism
1, spit poison 2, AC +1
a: Spit Poison


You were on level 2 of the Dungeon.
You were hungry.

You visited 1 branch of the dungeon, and saw 2 of its levels.

You collected 93 gold pieces.

Inventory:

Hand Weapons
 d - a +0 club
 h - a +0 hunting sling
 i - a +0 spear
 t - a +0 hunting sling
 v - a +1 short sword of venom
 x - a cursed -1 dagger (weapon)
Missiles
 f - 4 needles of paralysis
 u - 56 stones (quivered)
Armour
 a - a +1 robe
 l - a cursed +0 leather armour (worn)
Jewellery
 o - a ring of positive energy (left hand)
Scrolls
 r - a scroll of identify
 s - 2 scrolls of enchant weapon
Potions
 e - a potion of flight {unknown}
 g - a potion of might {unknown}
 q - a potion of haste
 w - a potion of brilliance {unknown}
Books
 b - a Young Poisoner's Handbook

   Spells                             Type                      Level
   a - Sting                          Conjuration/Poison           1
   b - Cure Poison                    Poison                       2
   c - Mephitic Cloud                 Conjuration/Poison/Air       3
   d - Olgreb's Toxic Radiance        Poison                       4
   e - Venom Bolt                     Conjuration/Poison           5
Comestibles
 c - 4 bread rations
 j - a beef jerky
 m - 2 meat rations


   Skills:
 + Level 0.8 Fighting
 * Level 0.1 Armour
 - Level 2.1 Dodging
 + Level 3.8 Stealth
 + Level 2.5 Spellcasting
 + Level 1.0 Conjurations
 + Level 6.2 Poison Magic


You had 5 spell levels left.
You knew the following spells:

 Your Spells              Type           Power        Failure   Level  Hunger
a - Sting                 Conj/Pois      ##..         8%          1    #......
b - Cure Poison           Pois           ###.......   3%          2    ##.....


Dungeon Overview and Level Annotations

Branches:
Dungeon (2/15)

Altars:

Annotations:
D:2 Robin


Innate Abilities, Weirdness & Mutations

You cannot wear boots.
Your serpentine skin is tough (AC +1).
You have supernaturally acute eyesight.
Armour fits poorly on your strangely shaped body.
Your system is resistant to poisons.
You cover ground very slowly.
You have a slow metabolism.
You can spit poison.


Message History

There is an open gate here.
You hit the goblin.
You kill the goblin!
The goblin barely misses you.
Drink which item? (? for menu, Esc to quit)
It was a potion of haste.
You feel yourself speed up. The goblin barely misses you.
The hobgoblin hits you with a club.
* * * LOW HITPOINT WARNING * * *
Robin throws the goblin at you!
You are very lightly contaminated with residual magic.
Read which item? (? for menu, Esc to quit)
Okay, then.
Drink which item? (? for menu, Esc to quit)
Okay, then.
The goblin hits you with a dagger.
* * * LOW HITPOINT WARNING * * *
The goblin hits you with a club.
* * * LOW HITPOINT WARNING * * *
The hobgoblin hits you.
You die...

##.............#
#############.##
#..# ##.# #)###
###...###
###≈≈...≈≈###
#≈≈≈≈gg.≈≈≈≈##
≈≈≈≈≈##'@'##≈≈≈#
≈≈≈≈≈#gggg.#≈≈≈#
.g.h #.....#...#
... #...).#...#
.## #.....##'##
#.....#...#
#.....#...#
#.g...#...#
#+##.....##'##


You could see Robin, 2 hobgoblins and 4 goblins.

Vanquished Creatures
  Ijyb (D:2)
  An adder (D:2)
  An ooze (D:2)
  A worm (D:2)
  2 giant geckos
  A ball python (D:1)
  5 bats
  2 giant cockroaches
  10 goblins
  8 hobgoblins
  3 giant newts
  2 jackals (D:2)
  3 kobolds
  6 rats
46 creatures vanquished.

Notes
Turn   | Place    | Note
--------------------------------------------------------------
     0 | D:1      | 2d6 the Naga Venom Mage began the quest for the Orb.
     0 | D:1      | Reached XP level 1. HP: 15/15 MP: 3/3
    97 | D:1      | Reached XP level 2. HP: 22/22 MP: 0/5
   835 | D:2      | Reached XP level 3. HP: 14/28 MP: 1/6
   989 | D:2      | Noticed Ijyb
  1037 | D:2      | Killed Ijyb
  1037 | D:2      | Reached skill level 6 in Poison Magic
  1037 | D:2      | Reached XP level 4. HP: 3/36 MP: 1/7
  1530 | D:2      | Learned a level 2 spell: Cure Poison
  1824 | D:2      | Reached skill level 1 in Conjurations
  2055 | D:2      | Noticed Robin
  2074 | D:2      | Slain by a hobgoblin

Action                   |  1- 3 |  4- 6 || total
-------------------------+-------+-------++-------
Melee: Club              |     9 |       ||     9
       Spear             |    32 |       ||    32
       Short sword       |       |    12 ||    12
       Dagger            |       |     7 ||     7
 Cast: Sting             |    45 |    30 ||    75
  Use: Potion            |     1 |     1 ||     2
       Scroll            |       |     5 ||     5
  Eat: Chunk             |       |     3 ||     3
